| TOP OF THE 1ST |
|
Waterbury Rough Riders batting - Pitching for Reading Phillies : RHP Eric Wilkins
|
|
Pitching: RHP Eric Wilkins
|
|
|
Batting: RHB David Corman
|
0-0: Ground out 6-3 (Groundball, 6, EV 87.5 MPH)
|
|
Batting: RHB Jack Fimple
|
0-0: Foul Ball, location: 2F 0-1: Ball 1-1: Ball 2-1: Swinging Strike 2-2: Strikes out swinging
|
|
Batting: RHB Billy Beane
|
0-0: Ball 1-0: Called Strike 1-1: Swinging Strike 1-2: Foul Ball, location: 2F 1-2: Ground out 5-3 (Groundball, 56, EV 104.4 MPH)
|
| Top of the 1st over - 0 runs, 0 hits, 0 errors, 0 left on base; Waterbury 0 - Reading 0 |
| BOTTOM OF THE 1ST |
|
Reading Phillies batting - Pitching for Waterbury Rough Riders : LHP Ravelo Manzanillo
|
|
Pitching: LHP Ravelo Manzanillo
|
|
|
Batting: LHB Pedro Rabassa
|
0-0: Called Strike 0-1: Ball 1-1: Ground out 4-3 (Groundball, 4S, EV 88.8 MPH)
|
|
Batting: LHB Paul Hertzler
|
0-0: Bunt for hit to P - play at first, batter OUT! 1-3
|
|
Batting: LHB Martino Martin
|
0-0: Ball 1-0: Foul Ball, location: 2F 1-1: Ball 2-1: Called Strike 2-2: Strikes out looking
|
| Bottom of the 1st over - 0 runs, 0 hits, 0 errors, 0 left on base; Waterbury 0 - Reading 0 |
| TOP OF THE 2ND |
|
Waterbury Rough Riders batting - Pitching for Reading Phillies : RHP Eric Wilkins
|
|
Batting: RHB john W Russell
|
0-0: Foul Ball, location: 2F 0-1: Swinging Strike 0-2: Foul Ball, location: 2F 0-2: Strikes out looking
|
|
Batting: RHB Junior Ortiz
|
0-0: Called Strike 0-1: Ball 1-1: Fly out, F8 (Flyball, 8LXD, EV 100.0 MPH)
|
|
Batting: RHB Dave Wilder
|
0-0: Called Strike 0-1: Foul Ball, location: 2F 0-2: Foul Ball, location: 2F 0-2: Ball 1-2: Ground out 2-3 (Groundball, 15S, EV 67.5 MPH)
|
| Top of the 2nd over - 0 runs, 0 hits, 0 errors, 0 left on base; Waterbury 0 - Reading 0 |
| BOTTOM OF THE 2ND |
|
Reading Phillies batting - Pitching for Waterbury Rough Riders : LHP Ravelo Manzanillo
|
|
Batting: LHB Jerald Hammermeister
|
0-0: Ball 1-0: SINGLE (Line Drive, 89S, EV 96.9 MPH)
|
|
Batting: RHB Ricardo Rivera
|
0-0: Called Strike 0-1: Ball 1-1: Fly out, F9 (Flyball, 89M, EV 80.6 MPH)
|
|
Batting: SHB Doug Baker
|
0-0: Ball 1-0: Ball 2-0: Called Strike 2-1: Called Strike 2-2: Ball 3-2: Base on Balls Jerald Hammermeister to second
|
|
Batting: RHB Greg Dahl
|
0-0: Ball 1-0: Ball 2-0: Called Strike 2-1: Called Strike 2-2: Foul Ball, location: 2F 2-2: Ball 3-2: Base on Balls Jerald Hammermeister to third Doug Baker to second
|
|
Batting: LHB Alex Mata
|
0-0: Called Strike 0-1: Ball 1-1: Foul Ball, location: 2F 1-2: Ground out 6-3 (Groundball, 56D, EV 105.6 MPH) Jerald Hammermeister scores Doug Baker to third Greg Dahl to second
|
|
Batting: RHB Mark Sproesser
|
0-0: Called Strike 0-1: Ball 1-1: Foul Ball, location: 2F 1-2: Fly out, F3 (Popup, 23F, EV 89.4 MPH)
|
| Bottom of the 2nd over - 1 run, 1 hit, 0 errors, 2 left on base; Waterbury 0 - Reading 1 |
| TOP OF THE 3RD |
|
Waterbury Rough Riders batting - Pitching for Reading Phillies : RHP Eric Wilkins
|
|
Batting: RHB Daniel Purpura
|
0-0: Foul Ball, location: 2F 0-1: Ball 1-1: Swinging Strike 1-2: Strikes out swinging
|
|
Batting: LHB Wilson Tucker
|
0-0: Ground out 6-3 (Groundball, 6, EV 103.8 MPH)
|
|
Batting: RHB Joseph Pocoroba
|
0-0: Called Strike 0-1: Called Strike 0-2: Ball 1-2: Ball 2-2: Foul Ball, location: 2F 2-2: Strikes out swinging
|
| Top of the 3rd over - 0 runs, 0 hits, 0 errors, 0 left on base; Waterbury 0 - Reading 1 |
| BOTTOM OF THE 3RD |
|
Reading Phillies batting - Pitching for Waterbury Rough Riders : LHP Ravelo Manzanillo
|
|
Batting: LHB Pedro Rabassa
|
0-0: Ball 1-0: Ball 2-0: Fly out, F8 (Flyball, 8RM, EV 85.6 MPH)
|
|
Batting: LHB Paul Hertzler
|
0-0: Swinging Strike 0-1: Ball 1-1: Swinging Strike 1-2: Ball 2-2: Foul Ball, location: 2F 2-2: Ball 3-2: SINGLE (Flyball, 89S, EV 89.4 MPH)
|
|
Batting: LHB Martino Martin
|
0-0: Ball 1-0: Foul Ball, location: 2F 1-1: Ball 2-1: Fielders Choice at 2nd, 4-6 (Groundball, 4M, EV 93.1 MPH)
|
|
Batting: LHB Jerald Hammermeister
|
0-0: Ball 1-0: Ball 2-0: Foul Ball, location: 2F 2-1: Ball 3-1: Foul Ball, location: 2F 3-2: 2-RUN HOME RUN (Flyball, 89XD, EV 101.3 MPH), Distance : 443 ft
|
|
Batting: RHB Ricardo Rivera
|
0-0: Swinging Strike 0-1: Ball 1-1: Ground out 3-1 (Groundball, 34S, EV 85.0 MPH)
|
| Bottom of the 3rd over - 2 runs, 2 hits, 0 errors, 0 left on base; Waterbury 0 - Reading 3 |
| TOP OF THE 4TH |
|
Waterbury Rough Riders batting - Pitching for Reading Phillies : RHP Eric Wilkins
|
|
Batting: RHB David Corman
|
0-0: Foul Ball, location: 2F 0-1: Ball 1-1: Called Strike 1-2: Foul Ball, location: 2F 1-2: Ball 2-2: Strikes out swinging
|
|
Batting: RHB Jack Fimple
|
0-0: Called Strike 0-1: Called Strike 0-2: Foul Ball, location: 2F 0-2: Strikes out swinging
|
|
Batting: RHB Billy Beane
|
0-0: Ball 1-0: Called Strike 1-1: Ball 2-1: Ball 3-1: Called Strike 3-2: Base on Balls
|
|
Batting: RHB john W Russell
|
0-0: 2-RUN HOME RUN (Flyball, 7D, EV 99.4 MPH), Distance : 364 ft
|
|
Batting: RHB Junior Ortiz
|
0-0: Ball 1-0: Called Strike 1-1: Fly out, F7 (Flyball, 7S, EV 85.0 MPH)
|
| Top of the 4th over - 2 runs, 1 hit, 0 errors, 0 left on base; Waterbury 2 - Reading 3 |
| BOTTOM OF THE 4TH |
|
Reading Phillies batting - Pitching for Waterbury Rough Riders : LHP Ravelo Manzanillo
|
|
Batting: SHB Doug Baker
|
0-0: Ball 1-0: Called Strike 1-1: Ball 2-1: Ball 3-1: Called Strike 3-2: Strikes out swinging
|
|
Batting: RHB Greg Dahl
|
0-0: Ball 1-0: Swinging Strike 1-1: Ball 2-1: Ground out 6-3 (Groundball, 4MD, EV 101.9 MPH)
|
|
Batting: LHB Alex Mata
|
0-0: Ball 1-0: Ball 2-0: Ground out 5-3 (Groundball, 56, EV 91.9 MPH)
|
| Bottom of the 4th over - 0 runs, 0 hits, 0 errors, 0 left on base; Waterbury 2 - Reading 3 |
| TOP OF THE 5TH |
|
Waterbury Rough Riders batting - Pitching for Reading Phillies : RHP Eric Wilkins
|
|
Batting: RHB Dave Wilder
|
0-0: Foul Ball, location: 2F 0-1: Ball 1-1: Ground out 4-3 (Groundball, 4, EV 86.9 MPH)
|
|
Batting: RHB Daniel Purpura
|
0-0: Swinging Strike 0-1: Ball 1-1: Swinging Strike 1-2: SINGLE (Groundball, 34D, EV 108.8 MPH)
|
|
Batting: LHB Wilson Tucker
|
0-0: DOUBLE (Line Drive, 89XD, EV 105.0 MPH) Daniel Purpura to third
|
|
Batting: RHB Joseph Pocoroba
|
0-0: Ball 1-0: Ball 2-0: SINGLE (Groundball, 6MD, EV 102.5 MPH) Daniel Purpura scores Wilson Tucker to third
|
|
Batting: RHB David Corman
|
0-0: Ball 1-0: Foul Ball, location: 2F 1-1: Called Strike 1-2: Foul Ball, location: 2F 1-2: Strikes out swinging
|
|
Batting: RHB Jack Fimple
|
0-0: SINGLE (Groundball, 3D, EV 103.1 MPH) Wilson Tucker scores Joseph Pocoroba to second Runner from 2nd tries for 3rd, SAFE, throw by RF made to third
|
|
Batting: RHB Billy Beane
|
0-0: Fly out, F2 (Popup, 2L, EV 90.6 MPH)
|
| Top of the 5th over - 2 runs, 4 hits, 0 errors, 2 left on base; Waterbury 4 - Reading 3 |
| BOTTOM OF THE 5TH |
|
Reading Phillies batting - Pitching for Waterbury Rough Riders : LHP Ravelo Manzanillo
|
|
Batting: RHB Mark Sproesser
|
0-0: Ground out 4-3 (Groundball, 4, EV 97.5 MPH)
|
|
Batting: LHB Pedro Rabassa
|
0-0: Called Strike 0-1: Swinging Strike 0-2: Ball 1-2: Strikes out swinging
|
|
Batting: LHB Paul Hertzler
|
0-0: Ball 1-0: Swinging Strike 1-1: Foul Ball, location: 2F 1-2: Ball 2-2: Strikes out swinging
|
| Bottom of the 5th over - 0 runs, 0 hits, 0 errors, 0 left on base; Waterbury 4 - Reading 3 |
| TOP OF THE 6TH |
|
Waterbury Rough Riders batting - Pitching for Reading Phillies : RHP Eric Wilkins
|
|
Batting: RHB john W Russell
|
0-0: Ground out 5-3 (Groundball, 56S, EV 84.4 MPH)
|
|
Batting: RHB Junior Ortiz
|
0-0: Ball 1-0: Called Strike 1-1: Ball 2-1: Foul Ball, location: 2F 2-2: Fly out, F6 (Line Drive, 6, EV 62.5 MPH)
|
|
Batting: RHB Dave Wilder
|
0-0: Ball 1-0: Foul Ball, location: 2F 1-1: Ball 2-1: Ball 3-1: Fly out, F9 (Flyball, 89M, EV 94.4 MPH)
|
| Top of the 6th over - 0 runs, 0 hits, 0 errors, 0 left on base; Waterbury 4 - Reading 3 |
| BOTTOM OF THE 6TH |
|
Reading Phillies batting - Pitching for Waterbury Rough Riders : LHP Ravelo Manzanillo
|
|
Batting: LHB Martino Martin
|
0-0: Called Strike 0-1: Fly out, F9 (Flyball, 89S, EV 86.9 MPH)
|
|
Batting: LHB Jerald Hammermeister
|
0-0: Ball 1-0: Ball 2-0: Foul Ball, location: 2F 2-1: Ball 3-1: Called Strike 3-2: Ground out U3 (Groundball, 3, EV 80.0 MPH)
|
|
Batting: RHB Ricardo Rivera
|
0-0: Foul Ball, location: 2F 0-1: Swinging Strike 0-2: SINGLE (Groundball, P, EV 87.5 MPH) (infield hit)
|
|
Batting: SHB Doug Baker
|
0-0: Foul Ball, location: 2F 0-1: DOUBLE (Groundball, 5L, EV 95.6 MPH) Ricardo Rivera to third Runner from 3rd tries for Home, SAFE, throw by LF to home
|
|
Batting: RHB Greg Dahl
|
0-0: Ball 1-0: Called Strike 1-1: Foul Ball, location: 2F 1-2: Ball 2-2: Foul Ball, location: 2F 2-2: Foul Ball, location: 2F 2-2: Ball 3-2: Foul Ball, location: 2F 3-2: Base on Balls
|
|
Batting: LHB Alex Mata
|
0-0: Ball 1-0: Called Strike 1-1: Ball 2-1: Called Strike 2-2: Ball 3-2: Ground out 1-3 (Groundball, 23, EV 65.0 MPH)
|
| Bottom of the 6th over - 1 run, 2 hits, 0 errors, 2 left on base; Waterbury 4 - Reading 4 |
| TOP OF THE 7TH |
|
Waterbury Rough Riders batting - Pitching for Reading Phillies : RHP Eric Wilkins
|
|
Batting: RHB Daniel Purpura
|
0-0: Ball 1-0: Foul Ball, location: 2F 1-1: Ball 2-1: Called Strike 2-2: Ball 3-2: Base on Balls
|
|
Batting: LHB Wilson Tucker
|
0-0: Bunt missed! 0-1: Bunt missed! 0-2: Ball 1-2: Ball 2-2: Ball 3-2: Base on Balls Daniel Purpura to second
|
|
Pinch Runner at 2nd John Pyle:
|
|
|
Batting: RHB Joseph Pocoroba
|
0-0: Ball 1-0: Swinging Strike 1-1: Ball 2-1: Fly out, F7 (Flyball, 78D, EV 93.8 MPH) Runner from 2nd tags up, SAFE at 3rd with throw by LF
|
|
Batting: RHB David Corman
|
0-0: Swinging Strike 0-1: Ball 1-1: Ground out 5-3 (Groundball, 56S, EV 89.4 MPH) Wilson Tucker to second
|
|
Batting: RHB Jack Fimple
|
0-0: Ball 1-0: Ball 2-0: Fly out, F3 (Line Drive, 3, EV 74.4 MPH)
|
| Top of the 7th over - 0 runs, 0 hits, 0 errors, 2 left on base; Waterbury 4 - Reading 4 |
| BOTTOM OF THE 7TH |
|
Reading Phillies batting - Pitching for Waterbury Rough Riders : LHP Ravelo Manzanillo
|
|
Now at 2B: Jose Quiroz
|
|
|
Batting: RHB Mark Sproesser
|
0-0: Ball 1-0: Swinging Strike 1-1: Foul Ball, location: 2F 1-2: Ground out 4-3 (Groundball, 4, EV 78.8 MPH)
|
|
Batting: LHB Pedro Rabassa
|
0-0: Ball 1-0: Ball 2-0: Ball 3-0: Base on Balls
|
|
Batting: LHB Paul Hertzler
|
0-0: Ball 1-0: Called Strike 1-1: Foul Ball, location: 2F 1-2: Foul Ball, location: 2F 1-2: Foul Ball, location: 2F 1-2: Ball 2-2: Ball 3-2: SINGLE (Line Drive, 6M, EV 106.9 MPH) Pedro Rabassa to second
|
|
Batting: LHB Martino Martin
|
0-0: Ball 1-0: Called Strike 1-1: Ball 2-1: Swinging Strike 2-2: Strikes out swinging
|
|
Batting: LHB Jerald Hammermeister
|
0-0: Swinging Strike 0-1: Ball 1-1: Fly out, F9 (Flyball, 9, EV 86.3 MPH)
|
| Bottom of the 7th over - 0 runs, 1 hit, 0 errors, 2 left on base; Waterbury 4 - Reading 4 |
| TOP OF THE 8TH |
|
Waterbury Rough Riders batting - Pitching for Reading Phillies : RHP Eric Wilkins
|
|
Batting: RHB Billy Beane
|
0-0: SOLO HOME RUN (Flyball, 7D, EV 90.0 MPH), Distance : 372 ft
|
|
Batting: RHB john W Russell
|
0-0: Called Strike 0-1: Ball 1-1: Ball 2-1: Called Strike 2-2: Strikes out swinging
|
|
Batting: RHB Junior Ortiz
|
0-0: Called Strike 0-1: Called Strike 0-2: Ball 1-2: Ground out 4-3 (Groundball, 4, EV 84.4 MPH)
|
|
Batting: RHB Dave Wilder
|
0-0: Ball 1-0: SINGLE (Groundball, 4MD, EV 98.1 MPH) (infield hit)
|
|
Batting: RHB Jose Quiroz
|
0-0: Ball 1-0: Ball 2-0: Called Strike 2-1: Ball 3-1: Base on Balls Dave Wilder to second
|
|
Batting: LHB Wilson Tucker
|
0-0: Ball 1-0: Ball 2-0: Ball 3-0: Foul Ball, location: 2F 3-1: Swinging Strike 3-2: Foul Ball, location: 2F 3-2: Strikes out looking
|
| Top of the 8th over - 1 run, 2 hits, 0 errors, 2 left on base; Waterbury 5 - Reading 4 |
| BOTTOM OF THE 8TH |
|
Reading Phillies batting - Pitching for Waterbury Rough Riders : LHP Ravelo Manzanillo
|
|
Batting: RHB Ricardo Rivera
|
0-0: Ball 1-0: Ball 2-0: Foul Ball, location: 2F 2-1: Ball 3-1: Base on Balls
|
|
Batting: SHB Doug Baker
|
0-0: Bunted foul 0-1: Reached on error, E1 (Groundball, 13, EV 43.8 MPH) Ricardo Rivera to third
|
|
Batting: RHB Greg Dahl
|
0-0: Ball 1-0: Ball 2-0: Ball 3-0: Called Strike 3-1: Called Strike 3-2: Foul Ball, location: 2F 3-2: Strikes out swinging
|
|
Pinch Hitting: RHB Thomas Thompson
|
0-0: Swinging Strike 0-1: Foul Ball, location: 2F 0-2: Ball 1-2: Ground out 6-3 (Groundball, 6, EV 100.6 MPH)
|
|
Batting: RHB Mark Sproesser
|
0-0: Foul Ball, location: 2F 0-1: Swinging Strike 0-2: Ball 1-2: Ball 2-2: Ground out U3 (Groundball, 34, EV 87.5 MPH)
|
| Bottom of the 8th over - 0 runs, 0 hits, 1 error, 2 left on base; Waterbury 5 - Reading 4 |
| TOP OF THE 9TH |
|
Waterbury Rough Riders batting - Pitching for Reading Phillies : RHP Eric Wilkins
|
|
Pitching: LHP Frank Treto
|
|
|
Now at 2B: Daniel Davidsmeier
|
|
|
Batting: RHB Joseph Pocoroba
|
0-0: Called Strike 0-1: Ground out 1-3 (Groundball, P, EV 70.0 MPH)
|
|
Batting: RHB David Corman
|
0-0: Called Strike 0-1: Ball 1-1: Ball 2-1: Fly out, F8 (Line Drive, 8LM, EV 97.5 MPH)
|
|
Batting: RHB Jack Fimple
|
0-0: Called Strike 0-1: Foul Ball, location: 2F 0-2: Foul Ball, location: 2F 0-2: Ball 1-2: Ball 2-2: Strikes out swinging
|
| Top of the 9th over - 0 runs, 0 hits, 0 errors, 0 left on base; Waterbury 5 - Reading 4 |
| BOTTOM OF THE 9TH |
|
Reading Phillies batting - Pitching for Waterbury Rough Riders : LHP Ravelo Manzanillo
|
|
Pitching: RHP John Maxson
|
|
|
Now in LF: Gary Skow
|
|
|
Batting: LHB Pedro Rabassa
|
0-0: Foul Ball, location: 2F 0-1: Foul Ball, location: 2F 0-2: Ball 1-2: Ball 2-2: DOUBLE (Line Drive, 3D, EV 93.8 MPH)
|
|
Batting: LHB Paul Hertzler
|
0-0: Ball 1-0: Swinging Strike 1-1: Swinging Strike 1-2: Ball 2-2: Ball 3-2: Strikes out swinging
|
|
Batting: LHB Martino Martin
|
0-0: Called Strike 0-1: SINGLE (Groundball, 56S, EV 73.1 MPH) (infield hit) Pedro Rabassa to third
|
|
Batting: LHB Jerald Hammermeister
|
0-0: Ball 1-0: Ball 2-0: Ball 3-0: Base on Balls Martino Martin to second
|
|
Pinch Hitting: LHB George Johnson
|
0-0: Called Strike 0-1: Ball Wild Pitch! Pedro Rabassa scores Martino Martin to third Jerald Hammermeister to second 1-1: Intentional Walk
|
|
Batting: SHB Doug Baker
|
0-0: Ball 1-0: Called Strike 1-1: Ball 2-1: Ball 3-1: SINGLE (Line Drive, 5, EV 96.3 MPH) Martino Martin scores
|
| Bottom of the 9th over - 2 runs, 3 hits, 0 errors, 0 left on base; Waterbury 5 - Reading 6 |
|